 Dungeon Crawl Stone Soup version 0.29.1-15-g9cfb28693d (webtiles) character file.

Game seed: 2534736829378632309

37 protoss039 the Sneak (level 3, -5/20 HPs)
             Began as a Tengu Enchanter on Mar 24, 2023.
             Slain by a gnoll
             ... wielding a +0 spear
              (6 damage)
             ... on level 2 of the Dungeon.
             The game lasted 00:02:04 (2052 turns).

protoss039 the Sneak (Tengu Enchanter)              Turns: 2052, Time: 00:02:04

Health: -5/20      AC:  2    Str:  8    XL:     3   Next: 39%
Magic:  0/7        EV: 13    Int: 15    God:
Gold:   52         SH:  0    Dex: 16    Spells: 4/6 levels left

rFire   . . .      SeeInvis .   a - +1 dagger
rCold   . . .      Faith    .   (no shield)
rNeg    . . .      Spirit   .   b - +0 robe
rPois   .          Reflect  .   (helmet restricted)
rElec   .          Harm     .   (no cloak)
rCorr   .          Rampage  .   (no gloves)
Will    .....                   (boots unavailable)
Stlth   ++........              (no amulet)
HPRegen 0.06/turn               (no ring)
MPRegen 0.10/turn               (no ring)

@: no status effects
A: beak, talons 3
a: no special abilities


You were on level 2 of the Dungeon.
You visited 1 branch of the dungeon, and saw 2 of its levels.

You collected 52 gold pieces.

Inventory:

Hand Weapons
 a - a +1 dagger (weapon)
Missiles
 k - 5 javelins (quivered)
Armour
 b - a +0 robe (worn)
Jewellery
 l - a ring of fire
Scrolls
 d - a scroll of torment {unknown}
 e - a scroll of teleportation {unknown}
 g - 2 scrolls of identify {unknown}
 h - a scroll of enchant weapon {unknown}
 i - a scroll of brand weapon {unknown}
Potions
 c - 2 potions of invisibility
 f - 2 potions of attraction {unknown}
 j - a potion of degeneration {unknown}
 m - a potion of lignification {unknown}


   Skills:
 * Level 1.0 Fighting
 + Level 1.4 Short Blades
 * Level 2.6 Dodging
 * Level 3.3 Stealth
 + Level 2.2 Spellcasting
 + Level 2.3 Hexes
 + Level 0.3 Ice Magic


You had 4 spell levels left.
You knew the following spells:

 Your Spells              Type           Power      Damage    Failure   Level
a - Ensorcelled Hibernat  Hex/Ice        10%        N/A       19%         2

Your spell library contained the following spells:

 Spells                   Type           Power      Damage    Failure   Level
 Confusing Touch          Hex            8%         N/A       26%         3
 Tukima's Dance           Hex            8%         N/A       26%         3
 Dazzling Flash           Conj/Hex       10%        N/A       38%         3
 Olgreb's Toxic Radiance  Pois           1%         N/A       91%         4
 Ozocubu's Refrigeration  Ice            1%         4d7       100%        7
 Ignition                 Fire           0%         3d3       100%        8


Dungeon Overview and Level Annotations

Branches:
Dungeon (2/15) Zot: 9943

Altars:


Innate Abilities, Weirdness & Mutations

You have a beak for a mouth.
You have claws for feet.


Message History

You hit the gnoll but do no damage. Your peck misses the gnoll.
The gnoll is moderately wounded.
The gnoll barely misses you.
Casting: Ensorcelled Hibernation (safe; 19% risk of failure)
Confirm with . or Enter, or press ? or * to list all spells.
You don't have enough magic to cast this spell.
Unknown command.
You hit the gnoll. You claw the gnoll.
The gnoll is severely wounded.
The gnoll closely misses you.
Casting: Ensorcelled Hibernation (safe; 19% risk of failure)
Confirm with . or Enter, or press ? or * to list all spells.
You don't have enough magic to cast this spell.
Unknown command.
You barely miss the gnoll.
The gnoll is severely wounded.
The gnoll barely misses you.
Casting: Ensorcelled Hibernation (safe; 19% risk of failure)
Confirm with . or Enter, or press ? or * to list all spells.
You don't have enough magic to cast this spell.
Unknown command.
You hit the gnoll but do no damage. You punch the gnoll, but do no damage.
The gnoll is severely wounded.
The gnoll hits you with a +0 spear.
* * * LOW HITPOINT WARNING * * *
Casting: Ensorcelled Hibernation (safe; 19% risk of failure)
Confirm with . or Enter, or press ? or * to list all spells.
You don't have enough magic to cast this spell.
You hit the gnoll but do no damage.
The gnoll is severely wounded.
The gnoll hits you with a +0 spear.
* * * LOW HITPOINT WARNING * * *
Your magical contamination has completely faded away.
Casting: Ensorcelled Hibernation (safe; 19% risk of failure)
Confirm with . or Enter, or press ? or * to list all spells.
Aiming: Ensorcelled Hibernation (safe; 19% risk of failure)
Press: ? - help, Shift-Dir - straight line, f/p - gnoll
Aim: a gnoll, wielding a +0 spear (severely wounded, chance to affect: 48%)
The gnoll resists with some effort.
The gnoll hits you with a +0 spear.
You die...

#.##.# #.##.## ###.#...###
..........# ##.#...#.#
#.##.##<# #.##.##.#
#.#####)##.##.# ###.#
#........#.##@#########......
######)#...##.g............g.
#...#################....
#.### ... .# #.# ... ##.# #.#
... ##.## #.# ... ....# #.#
... ....# #.# #


You could see a gnoll.

Vanquished Creatures
  An adder (D:2)
  2 dart slugs (D:1)
  An endoplasm (D:1)
  3 giant cockroaches (D:1)
  3 goblins
  2 hobgoblins
  3 quokkas
  3 bats
  A frilled lizard (D:1)
  A kobold (D:2)
  2 rats (D:1)
22 creatures vanquished.

Notes
Turn   | Place    | Note
-------+----------+-------------------------------------------
     0 | D:1      | protoss039 the Tengu Enchanter began the quest for the Orb.
     0 | D:1      | Reached XP level 1. HP: 10/10 MP: 4/4
    68 | D:1      | You fall into a shaft and drop 1 floor!
   395 | D:1      | Found a faded altar of an unknown god.
   448 | D:1      | Reached XP level 2. HP: 11/16 MP: 6/6
   583 | D:1      | Learned a level 2 spell: Ensorcelled Hibernation
  1177 | D:1      | Reached XP level 3. HP: 20/20 MP: 7/7
  1702 | D:2      | Reached skill level 1 in Fighting
  2051 | D:2      | HP: 1/20 [gnoll/+0 spear (5)]
  2052 | D:2      | Slain by a gnoll

Illustrated notes

Levels and vault maps discovered:
D:1:      dpeg_arrival_lava_temple_mockup, layout_loops_ring,
          chequers_ecumenical_altar_island, kennysheep_small_spiral
D:2:      layout_loops_ring, minivault_26

Skill      XL: |  1  2  3 |
---------------+----------+-----
Fighting       | 1 |  1.0
Short Blades   | |  1.4
Dodging        | |  2.6
Stealth        | |  3.3
Spellcasting   | |  2.2
Hexes          | |  2.3
Ice Magic      | |  0.3

Action                   || total
-------------------------++-------
Melee: Dagger            ||    55
       Kick              ||     8
       Peck              ||     5
       Punch             ||     2
 Cast: Ensorcelled Hiber ||    10
 Stab: Sleeping          ||    11
Armor: Robe              ||     7
Dodge: Dodged            ||    33
